 Dungeon Crawl Stone Soup version 0.28-a0-1555-g9ae15a6949 (webtiles) character file.

Game seed: 5619717644650040367

1141 HallandMoats the Skirmisher (level 8, 0/73 HPs)
             Began as a Ghoul Monk on Jan 18, 2022.
             Slain by a manticore (4 damage)
             ... on level 6 of the Dungeon.
             The game lasted 00:05:11 (5652 turns).

HallandMoats the Skirmisher (Ghoul Monk)            Turns: 5652, Time: 00:05:13

Health: 0/73       AC: 12    Str: 26    XL:     8   Next: 37%
Magic:  7/7        EV: 10    Int:  5    God:
Gold:   233        SH:  0    Dex: 17    Spells: 7/7 levels left

rFire   . . .      SeeInvis .   a - +6 war axe of the Lusting Spider {vorpal, *Slow rElec Str+9 Stlth+}
rCold   + . .      Faith    .   (no shield)
rNeg    + + +      Spirit   .   i - +0 chain mail
rPois   ∞          Reflect  .   b - +0 helmet
rElec   +          Harm     .   s - +0 cloak
rCorr   .          Rampage  .   (no gloves)
Will    .....                   p - +0 pair of boots {Stlth+}
Stlth   +.........              (no amulet)
HPRegen 0.00/turn               d - +6 ring of dexterity
MPRegen 0.10/turn               (no ring)

@: inhibited regen
A: claws 1, cold resistance 1, negative energy resistance 3, inhibited
regeneration, torment resistance 2
a: no special abilities


You were on level 6 of the Dungeon.
You visited 1 branch of the dungeon, and saw 6 of its levels.

You collected 233 gold pieces.

Inventory:

Hand Weapons
 a - the +6 war axe of the Lusting Spider (weapon) {vorpal, *Slow rElec Str+9 Stlth+}
   (You found it on level 2 of the Dungeon)

   It inflicts extra damage upon your enemies.
   Str:       It affects your strength (+9).
   rElec:     It insulates you from electricity.
   *Slow:     It may slow you when you take damage.
   Stlth:     It makes you more stealthy.
Missiles
 r - 2 throwing nets (quivered)
Armour
 b - a +0 helmet (worn)
 i - a +0 chain mail (worn)
 p - a +0 pair of boots of stealth (worn)
 s - a +0 cloak (worn)
Jewellery
 d - a +6 ring of dexterity (left claw)
Scrolls
 c - 3 scrolls of teleportation {unknown}
 e - a scroll of fear {unknown}
 h - a scroll of identify
 k - a scroll of noise {unknown}
 m - a scroll of enchant weapon {unknown}
 n - a scroll of amnesia {unknown}
Potions
 g - 2 potions of degeneration {unknown}
 j - 3 potions of curing
 l - 2 potions of heal wounds {unknown}
 o - 2 potions of invisibility
 q - a potion of ambrosia {unknown}


   Skills:
 * Level 7.0 Fighting
 * Level 5.7 Axes
 + Level 3.3 Armour
 + Level 4.4 Dodging
 - Level 2.1 Stealth


You had 7 spell levels left.
You didn't know any spells.
Your spell library contained the following spells:

 Spells                   Type           Power      Damage    Failure   Level
 Portal Projectile        Hex/Tloc       0%         N/A       100%        3
 Excruciating Wounds      Necr           0%         N/A       100%        5
 Blade Hands              Tmut           Unusable   N/A       N/A         5

Dungeon Overview and Level Annotations

Branches:
Dungeon (6/15)             Temple (0/1) D:6

Altars:
Gozag
Wu Jian

Shops:
D:4 [*


Innate Abilities, Weirdness & Mutations

You thrive by killing the living.
You are immune to poison.
You have sharp fingernails.
Your flesh is cold resistant. (rC+)
You are immune to negative energy. (rN+++)
You do not regenerate when monsters are visible.
You are immune to unholy pain and torment.


Message History

You barely miss the manticore.
The manticore is lightly wounded.
The manticore barely misses you.
The manticore claws you but does no damage.
The manticore claws you.
You hit the manticore.
The manticore is moderately wounded.
The manticore closely misses you. x2
The manticore claws you but does no damage.
You slash the manticore!
The manticore is heavily wounded.
The manticore bites you but does no damage.
The manticore claws you.
The manticore claws you but does no damage.
The manticore closely misses you.
The manticore claws you but does no damage.
The manticore closely misses you.
You hit the manticore but do no damage.
The manticore is heavily wounded.
The manticore closely misses you. x2
The manticore claws you but does no damage.
You hit the manticore but do no damage.
The manticore is heavily wounded.
The manticore bites you. The manticore claws you!
The manticore claws you but does no damage.
You hit the manticore.
The manticore is severely wounded.
The manticore bites you. The manticore closely misses you.
The manticore claws you but does no damage.
You hit the manticore but do no damage.
The manticore is severely wounded.
The manticore closely misses you. The manticore completely misses you.
The manticore claws you!
You barely miss the manticore.
The manticore is severely wounded.
The manticore bites you!!
* * * LOW HITPOINT WARNING * * *
The manticore claws you but does no damage.
The manticore closely misses you. The manticore bites you.
You die...

#......#.# #<.#
.........# ##.## #.##
.#...##..## #..# .#.
.....##...###.##
H..###..###...†..# #..
#...# #....### #..##.#.#
#....#######
...#...###...........
##.###.#@.##...##.....##.
......ZH..#..#.######.##.
.#..........##.# #.###
#.........###.# #...#
#.........# #.# ###.#
#.........# #.# #.#
#........## #.# #..
#........# #.# ###
#......).. #


You could see a manticore and a wyvern skeleton.

Vanquished Creatures
  Grinder (D:4)
  A water moccasin (D:5)
  A sky beast (D:6)
  A centaur (D:5)
  A phantom (D:4)
  A scorpion (D:6)
  A water moccasin zombie (D:4)
  A centaur zombie (D:5)
  A bullfrog zombie (D:5)
  A bullfrog skeleton (D:6)
  3 hounds
  A jelly (D:5)
  A gnoll shaman (D:5)
  A hound skeleton (D:4)
  4 adders
  9 gnolls (D:5)
  A white imp (D:5)
  2 adder skeletons (D:4)
  A worm (D:4)
  4 dart slugs
  11 orcs
  A bat (D:3)
  6 endoplasms
  4 giant cockroaches
  9 goblins
  5 hobgoblins
  2 quokkas
  6 ball pythons
  5 frilled lizards
  4 kobolds
  8 rats
98 creatures vanquished.

Vanquished Creatures (others)
  10 plants (D:2)
10 creatures vanquished.

Grand Total: 108 creatures vanquished

Notes
Turn   | Place    | Note
-------+----------+-------------------------------------------
     0 | D:1      | HallandMoats the Ghoul Monk began the quest for the Orb.
     0 | D:1      | Reached XP level 1. HP: 19/19 MP: 0/0
   343 | D:1      | Reached XP level 2. HP: 25/26 MP: 1/1
  1213 | D:1      | Reached XP level 3. HP: 19/33 MP: 2/2
  2299 | D:2      | Reached skill level 4 in Fighting
  2436 | D:2      | Identified the +6 war axe of the Lusting Spider {vorpal,
                  | *Slow rElec Str+9 Stlth+}
  2557 | D:2      | Reached skill level 1 in Armour
  2581 | D:2      | Found a faded altar of an unknown god.
  2722 | D:3      | Reached XP level 4. HP: 37/40 MP: 3/3
  3097 | D:3      | Identified the +6 falchion of Fortitude {holy, rElec}
  3115 | D:3      | Found an opulent altar of Gozag.
  3413 | D:4      | Reached XP level 5. HP: 33/47 MP: 4/4
  3424 | D:4      | Noticed a phantom
  3432 | D:4      | Killed a phantom
  3669 | D:4      | Reached XP level 6. HP: 55/55 MP: 5/5
  3740 | D:4      | Found Hihot's Antique Armour Emporium.
  3863 | D:4      | Reached skill level 5 in Fighting
  3952 | D:4      | Noticed Grinder
  3957 | D:4      | Paralysed by Grinder for 3 turns
  3963 | D:4      | Killed Grinder
  3964 | D:4      | Reached XP level 7. HP: 54/61 MP: 6/6
  4038 | D:4      | Found Hilat's Elemental Accessories.
  4190 | D:5      | Entered Level 5 of the Dungeon
  4376 | D:5      | Reached skill level 6 in Fighting
  4511 | D:5      | Found an ornate altar of the Wu Jian Council.
  4693 | D:5      | Reached skill level 5 in Axes
  4859 | D:5      | Reached XP level 8. HP: 61/71 MP: 7/7
  5518 | D:6      | Reached skill level 7 in Fighting
  5591 | D:6      | Found a staircase to the Ecumenical Temple.
  5638 | D:6      | Noticed a manticore
  5652 | D:6      | Slain by a manticore

Illustrated notes

Levels and vault maps discovered:
D:1:      heliophobic_arrival_glass_houses, layout_basic,
          serial_co_window_serial, co_window_corner_a,
          co_window_of_opportunity_a, co_window_of_opportunity_a,
          co_window_paths_b, co_window_corner_a, co_window_cross_4,
          co_window_corner_cb, co_window_unsneaky_path_a, co_window_paths_c,
          co_window_4corner_a, glass_columns_c, glass_columns_b,
          glass_columns_a, minmay_pentomino_u2
D:2:      layout_rooms, shapermc_ecumenical_altar_hornbeckon,
          kennysheep_flooded_box
D:3:      layout_basic, lemuel_doored_altar, serial_curves, eino_curves_03,
          eino_curves_02, kennysheep_donut
D:4:      layout_loops_ring, serial_shops, shop, nicolae_zen_rock_garden,
          nicolae_elemental_shop, uniq_grinder
D:5:      layout_loops_corners, mainiacjoe_overflow_alcove_2
D:6:      layout_rooms, minmay_temple_entry_poolview

Skill      XL: |  1  2  3  4  5  6  7  8 |
---------------+-------------------------+-----
Axes           | 3 4 5 |  5.7
Dodging        | 3 4 |  4.4
Fighting       | 4 5 6 7 |  7.0
Armour         | 1 2 3 |  3.3
Stealth        | |  2.1

Action                   |  1- 3 |  4- 6 |  7- 9 || total
-------------------------+-------+-------+-------++-------
Melee: Hand axe          |   122 |       |       ||   122
       War axe           |     7 |    58 |    86 ||   151
       Punch             |     1 |       |     2 ||     3
  Use: Scroll            |       |       |     3 ||     3
 Stab: Sleeping          |     6 |       |       ||     6
Armor: Robe              |    12 |       |       ||    12
       Chain mail        |    17 |    32 |    56 ||   105
Dodge: Dodged            |    49 |    31 |    50 ||   130

Table legend: (Time is in decaauts)
 A = Elapsed time spent in this place.
 B = Non-inter-level travel time spent in this place.
 C = Inter-level travel time spent in this place.
 D = Time resting spent in this place.
 E = Time spent auto-exploring this place.
 F = Levels seen in this place.
 G = Mean time per level.
                   A        B        C        D        E       F      G
               +--------+--------+--------+--------+--------+-----+--------+
         Total |   5714 |   5531 |    183 |    110 |   4526 |   6 |  952.3 |
       Dungeon |   5714 |   5531 |    183 |    110 |   4526 |   6 |  952.3 |
               +--------+--------+--------+--------+--------+-----+--------+

Top non-repeatable levels by time:
     D:1: 2033 daAuts
     D:5: 1156 daAuts
     D:4: 880 daAuts
     D:3: 661 daAuts
     D:2: 657 daAuts
     D:6: 326 daAuts
